Map: Carnage sur Korhal EC

Players

Ouranos

  • Race: Zerg Zerg
  • League: Master

zuka - Winner!

  • Race: Protoss Protoss
  • League: Master

VOD

Have the link to the VOD?

Description

Time

  • Played on: April 13, 2016, 3:11 p.m.
  • Length: 8:42
Show
View Real Time Build Order
Export as new Build Order

Ouranos Zerg 

Build Orders: Pool First 

Get SALT Encoding   

  12  0:01  Drone  
  13  0:12  Overlord  
  13  0:17  Drone  
  14  0:30  Drone x2  
  14  0:34  Drone  
  17  0:56  Drone x2  
  19  0:57  Spawning Pool  
  18  1:08  Drone, Extractor  
  18  1:19  Hatchery  
  18  1:22  Drone  
  18  1:32  Overlord  
  18  1:44  Queen  
  18  1:45  Zergling x2  
  21  1:51  Zergling x2  
  22  2:09  Drone  
  22  2:10  Metabolic Boost  
  22  2:14  Drone  
  24  2:20  Queen  
  24  2:22  Drone  
  27  2:30  Queen  
  27  2:31  Overlord  
  27  2:36  Drone  
  29  2:48  Zergling x2, Drone  
  31  2:56  Queen  
  33  3:00  Drone x3  
  36  3:10  Zergling x6  
  39  3:14  Drone  
  39  3:24  Drone  
  39  3:26  Drone  
  41  3:32  Drone x2  
  43  3:37  Drone  
  43  3:38  Hatchery  
  43  3:39  Pneumatized Carapace  
  43  3:40  Drone  
  43  3:55  Drone  
  44  3:59  Drone  
  44  4:00  Overlord x2  
  42  4:10  Zergling x4  
  42  4:12  Overlord  
  42  4:15  Baneling Nest  
  42  4:16  Overlord  
  44  4:17  Drone  
  44  4:18  Evolution Chamber  
  44  4:20  Extractor  
  44  4:22  Overlord  
  42  4:25  Drone x3  
  42  4:27  Extractor  
  42  4:28  Spore Crawler  
  43  4:34  Overlord  
  43  4:35  Drone  
  44  4:40  Spore Crawler  
  44  4:45  Lair, Drone x2  
  44  4:50  Drone x2  
  44  4:51  Drone  
  48  5:03  Drone x4  
  52  5:09  Drone x2  
  52  5:11  Queen  
  52  5:13  Drone x2  
  58  5:14  Baneling x2  
  58  5:15  Baneling  
  58  5:19  Zergling x4  
  60  5:23  Drone x2  
  60  5:24  Drone  
  63  5:30  Zerg Melee Weapons Level 1  
  63  5:33  Zergling x6  
  66  5:37  Zergling x4  
  66  5:40  Baneling x2  
  68  5:45  Spine Crawler  
  68  5:47  Spine Crawler  
  66  5:51  Zergling x10  
  66  5:54  Zergling x2  
  66  5:56  Baneling x5  
  70  5:57  Zergling x2  
  70  5:59  Drone  
  70  6:00  Drone  
  73  6:09  Overlord  
  73  6:11  Extractor  
  73  6:15  Evolution Chamber  
  73  6:16  Drone x2, Overlord  
  73  6:18  Zergling x8  
  77  6:25  Spore Crawler x2  
  62  6:28  Spore Crawler, Overlord  
  62  6:29  Spore Crawler  
  44  6:41  Drone  
  44  6:42  Drone x5  
  50  6:53  Drone x3  
  49  6:57  Drone  
  49  7:00  Drone  
  51  7:02  Drone  
  51  7:07  Drone  
  51  7:08  Drone  
  54  7:13  Drone  
  55  7:18  Drone  
  55  7:20  Drone  
  55  7:21  Drone  
  58  7:26  Overlord  
  58  7:27  Zergling x2  
  58  7:29  Zergling x2  
  60  7:36  Zergling x4  
  62  7:37  Drone x2  
  64  7:46  Overlord  
  64  7:47  Drone x3  
  67  7:53  Zergling x4, Spore Crawler  
  67  7:56  Zergling x2  
  69  8:04  Zergling x8  
  69  8:05  Zergling x2  
  74  8:06  Baneling  
  74  8:09  Overlord  
  74  8:15  Drone x3  
  74  8:16  Drone  
  74  8:19  Baneling  
  78  8:20  Baneling  
Show
View Real Time Build Order
Export as new Build Order

zuka Protoss - Winner!

Build Orders: Nexus First 

Get SALT Encoding   

  12  0:02  Probe (Chrono Boost)  
  13  0:12  Probe (Chrono Boost)  
  14  0:18  Pylon  
  14  0:23  Probe (Chrono Boost)  
  15  0:36  Probe (Chrono Boost)  
  16  0:46  Probe (Chrono Boost)  
  17  1:00  Nexus  
  17  1:11  Gateway  
  17  1:15  Probe (Chrono Boost)  
  18  1:20  Assimilator  
  18  1:26  Probe (Chrono Boost), Assimilator  
  19  1:37  Probe (Chrono Boost)  
  20  1:44  Gateway  
  20  1:47  Probe (Chrono Boost)  
  21  1:58  Probe (Chrono Boost)  
  22  2:05  Cybernetics Core  
  22  2:10  Probe (Chrono Boost)  
  22  2:11  Zealot  
  22  2:13  Probe (Chrono Boost)  
  26  2:20  Probe (Chrono Boost)  
  28  2:31  Probe (Chrono Boost)  
  28  2:32  Probe (Chrono Boost)  
  29  2:37  Pylon  
  29  2:41  Probe (Chrono Boost)  
  31  2:46  Warp Gate (Chrono Boost)  
  31  2:48  Adept x2 (Chrono Boost)  
  34  2:51  Probe (Chrono Boost)  
  34  2:54  Probe  
  36  3:03  Probe  
  37  3:06  Probe  
  38  3:15  Probe  
  38  3:18  Probe  
  40  3:26  Stargate  
  40  3:27  Stargate  
  40  3:28  Probe (Chrono Boost)  
  40  3:30  Probe (Chrono Boost)  
  42  3:38  Assimilator  
  42  3:39  Probe (Chrono Boost)  
  44  3:41  Probe (Chrono Boost)  
  44  3:42  Assimilator  
  44  3:43  Adept  
  44  3:47  Adept  
  46  3:50  Pylon  
  45  3:59  Probe (Chrono Boost)  
  45  4:01  Probe (Chrono Boost)  
  45  4:09  Probe (Chrono Boost)  
  45  4:11  Probe (Chrono Boost)  
  45  4:15  Oracle (Chrono Boost)  
  46  4:18  Oracle (Chrono Boost)  
  46  4:20  Probe  
  46  4:22  Probe  
  54  4:26  Pylon  
  54  4:31  Twilight Council  
  54  4:44  Pylon, Probe x2  
  56  4:52  Oracle (Chrono Boost)  
  56  4:54  Oracle (Chrono Boost)  
  62  5:02  Probe x2  
  62  5:03  Pylon  
  64  5:12  Resonating Glaives (Chrono Boost)  
  64  5:14  Probe x2  
  64  5:19  Gateway  
  64  5:21  Gateway  
  66  5:25  Pylon  
  66  5:28  Gateway  
  66  5:31  Oracle (Chrono Boost)  
  72  5:35  Oracle (Chrono Boost)  
  72  5:43  Robotics Facility  
  72  5:48  Adept  
  72  5:49  Adept  
  76  5:54  Probe  
  76  5:55  Probe  
  67  6:07  Probe x2  
  69  6:19  Probe x2  
  71  6:28  Adept x2  
  71  6:31  Probe x2  
  77  6:35  Pylon  
  71  6:56  Adept x2, Probe  
  71  6:57  Probe  
  71  6:59  Warp Prism (Chrono Boost)  
  79  7:06  Templar Archives  
  79  7:09  Gateway, Probe x2  
  79  7:12  Adept x3, Oracle  
  87  7:17  Oracle  
  93  7:22  Pylon  
  93  7:24  Pylon  
  93  7:25  Pylon  
  93  7:28  Pylon  
  93  7:35  Zealot  
  94  7:43  Stalker x2  
  94  7:44  Stalker x2  
  100  7:47  Gateway  
  100  7:48  Pylon  
  100  7:50  Pylon  
  102  7:58  Stalker  
  102  7:59  Templar Archives  
  104  8:05  Pylon  
  104  8:14  Stalker x4  
  112  8:31  Stalker  
  108  8:37  Stalker  
  108  8:38  Stalker x2  
  108  8:39  Stalker  
Tags
 
Add a new tag
Caveats
  • Supply blocks, unpowered buildings, or Contaminate may cause inaccurate times.
  • Supply counts are checked every 10 seconds.